| TOP OF THE 1ST |
|
Toledo Mud Hens batting - Pitching for Buffalo Bisons : RHP Justin Sedivy
|
|
Pitching: RHP Justin Sedivy
|
|
|
Batting: RHB Brady Jeleniewski
|
0-0: Swinging Strike 0-1: Ball 1-1: SINGLE (Line Drive, 6MD, EV 105.0 MPH)
|
|
Batting: LHB Jamel Alexander
|
0-0: Ball Wild Pitch! Brady Jeleniewski to second 1-0: Called Strike 1-1: DOUBLE (Line Drive, 9LS, EV 103.1 MPH) Brady Jeleniewski scores
|
|
Batting: SHB Jamie Roberts
|
0-0: Swinging Strike 0-1: Ball 1-1: Foul Ball, location: 2F 1-2: Foul Ball, location: 2F 1-2: Strikes out looking
|
|
Batting: SHB Jared Boyce
|
0-0: Hit by Pitch
|
|
Batting: RHB Tim Borden
|
0-0: Foul Ball, location: 2F 0-1: Ball Jamel Alexander steals 3rd base 1-1: Swinging Strike 1-2: Strikes out looking
|
|
Batting: SHB Raul Morales
|
0-0: Ball 1-0: Called Strike 1-1: Swinging Strike 1-2: Strikes out swinging
|
| Top of the 1st over - 1 run, 2 hits, 0 errors, 2 left on base; Toledo 1 - Buffalo 0 |
| BOTTOM OF THE 1ST |
|
Buffalo Bisons batting - Pitching for Toledo Mud Hens : LHP John McRight
|
|
Pitching: LHP John McRight
|
|
|
Batting: SHB Phuck
|
0-0: Ball 1-0: Called Strike 1-1: Called Strike 1-2: Ball 2-2: Ball 3-2: SINGLE (Groundball, 5S, EV 73.8 MPH) (infield hit)
|
|
Batting: RHB Jon Aguilar
|
0-0: Foul Ball, location: 2F 0-1: Swinging Strike 0-2: Ball 1-2: Foul Ball, location: 2F 1-2: Ball 2-2: SINGLE (Flyball, 8LS, EV 95.0 MPH) Phuck to second
|
|
Batting: RHB Ryan Kinkead
|
0-0: Ball 1-0: Hit by Pitch Phuck to third Jon Aguilar to second
|
|
Batting: RHB Alex Ramos
|
0-0: Ball 1-0: Fielders Choice at 2nd, 5-4 (Groundball, 5, EV 82.5 MPH) Phuck scores Jon Aguilar to third
|
|
Batting: LHB Josh Stuck
|
0-0: Ball 1-0: Ball Alex Ramos steals 2nd base 2-0: Swinging Strike 2-1: Ball 3-1: Fly out, F7 (Flyball, 78M, EV 90.6 MPH)
|
|
Batting: RHB Fraco Munoz
|
0-0: Ball 1-0: DOUBLE (Groundball, 5L, EV 98.8 MPH) Jon Aguilar scores Alex Ramos scores
|
|
Batting: LHB Michael Byrd
|
0-0: Swinging Strike 0-1: Ball 1-1: SINGLE (Groundball, 23, EV 71.3 MPH) (infield hit) Fraco Munoz to third
|
|
Batting: RHB Tony Rosas
|
0-0: Foul Ball, location: 2F 0-1: Ball 1-1: Ball 2-1: Ball 3-1: Ground out 6-3 (Groundball, P, EV 88.8 MPH)
|
| Bottom of the 1st over - 3 runs, 4 hits, 0 errors, 2 left on base; Toledo 1 - Buffalo 3 |
| TOP OF THE 2ND |
|
Toledo Mud Hens batting - Pitching for Buffalo Bisons : RHP Justin Sedivy
|
|
Batting: RHB Zach Koblinski
|
0-0: Ground out 1-3 (Groundball, P, EV 63.8 MPH)
|
|
Batting: RHB Paul Wood
|
0-0: Foul Ball, location: 2F 0-1: Foul Ball, location: 2F 0-2: Ball 1-2: Foul Ball, location: 2F 1-2: Strikes out looking
|
|
Batting: RHB Casey Knutson
|
0-0: Ball 1-0: Fly out, F8 (Flyball, 8LD, EV 78.1 MPH)
|
| Top of the 2nd over - 0 runs, 0 hits, 0 errors, 0 left on base; Toledo 1 - Buffalo 3 |
| BOTTOM OF THE 2ND |
|
Buffalo Bisons batting - Pitching for Toledo Mud Hens : LHP John McRight
|
|
Batting: RHB John Loving
|
0-0: Called Strike 0-1: Fly out, F8 (Line Drive, 8LM, EV 88.1 MPH)
|
|
Batting: SHB Phuck
|
0-0: Ball 1-0: Ball 2-0: Ball 3-0: Base on Balls
|
|
Batting: RHB Jon Aguilar
|
0-0: Called Strike 0-1: Ball 1-1: Ball 2-1: Foul Ball, location: 2F 2-2: Strikes out swinging
|
|
Batting: RHB Ryan Kinkead
|
0-0: Called Strike 0-1: Called Strike 0-2: Foul Ball, location: 2F 0-2: Ball 1-2: Ball 2-2: 2-RUN HOME RUN (Flyball, 89XD, EV 98.1 MPH), Distance : 406 ft
|
|
Batting: RHB Alex Ramos
|
0-0: Foul Ball, location: 2F 0-1: Ball 1-1: Fly out, F3 (Popup, 34S, EV 78.1 MPH)
|
| Bottom of the 2nd over - 2 runs, 1 hit, 0 errors, 0 left on base; Toledo 1 - Buffalo 5 |
| TOP OF THE 3RD |
|
Toledo Mud Hens batting - Pitching for Buffalo Bisons : RHP Justin Sedivy
|
|
Batting: RHB Brady Jeleniewski
|
0-0: Swinging Strike 0-1: SINGLE (Groundball, 4MS, EV 60.0 MPH) (infield hit)
|
|
Batting: LHB Jamel Alexander
|
0-0: Ball 1-0: Swinging Strike 1-1: Ball 2-1: Called Strike 2-2: Foul Ball, location: 2F 2-2: Foul Ball, location: 2F 2-2: Ground out 4-3 (Groundball, 4, EV 81.9 MPH) Brady Jeleniewski to second
|
|
Batting: SHB Jamie Roberts
|
0-0: Ball 1-0: Ball 2-0: Foul Ball, location: 2F 2-1: Ball 3-1: 2-RUN HOME RUN (Flyball, 9D, EV 98.8 MPH), Distance : 377 ft
|
|
Batting: SHB Jared Boyce
|
0-0: Ball 1-0: Swinging Strike 1-1: Swinging Strike 1-2: Foul Ball, location: 2F 1-2: Ball 2-2: Ball 3-2: Base on Balls
|
|
Batting: RHB Tim Borden
|
0-0: Called Strike 0-1: Ball 1-1: SINGLE (Line Drive, 9LS, EV 93.1 MPH) Jared Boyce to second
|
|
Batting: SHB Raul Morales
|
0-0: Ball 1-0: Ball 2-0: Called Strike 2-1: Called Strike 2-2: Grounds into double play, 4-6-3 (Groundball, 34, EV 104.4 MPH)
|
| Top of the 3rd over - 2 runs, 3 hits, 0 errors, 1 left on base; Toledo 3 - Buffalo 5 |
| BOTTOM OF THE 3RD |
|
Buffalo Bisons batting - Pitching for Toledo Mud Hens : LHP John McRight
|
|
Batting: LHB Josh Stuck
|
0-0: Ball 1-0: Ball 2-0: TRIPLE (Flyball, 89XD, EV 102.5 MPH)
|
|
Batting: RHB Fraco Munoz
|
0-0: Ball 1-0: Foul Ball, location: 2F 1-1: Foul Ball, location: 2F 1-2: Ball 2-2: Ball 3-2: Ground out 5-3 (Groundball, 56S, EV 86.9 MPH) Josh Stuck scores
|
|
Pitching: RHP Isma'il bin Burhan
|
|
|
Batting: LHB Michael Byrd
|
0-0: Foul Ball, location: 2F 0-1: Ball 1-1: Ball 2-1: Ball 3-1: Foul Ball, location: 2F 3-2: Base on Balls
|
|
Batting: RHB Tony Rosas
|
0-0: Ball Michael Byrd steals 2nd base 1-0: Called Strike 1-1: Ground out 5-3 (Groundball, 56, EV 92.5 MPH)
|
|
Batting: RHB John Loving
|
0-0: Ball 1-0: SINGLE (Flyball, 4D, EV 92.5 MPH) Michael Byrd to third
|
|
Batting: SHB Phuck
|
0-0: Ball 1-0: Ball 2-0: Called Strike 2-1: Ball 3-1: Base on Balls John Loving to second
|
|
Batting: RHB Jon Aguilar
|
0-0: Foul Ball, location: 2F 0-1: Ball 1-1: Ball 2-1: Ball 3-1: Base on Balls Michael Byrd scores John Loving to third Phuck to second
|
|
Batting: RHB Ryan Kinkead
|
0-0: Ball 1-0: Called Strike 1-1: Foul Ball, location: 2F 1-2: Ball 2-2: Fly out, F7 (Flyball, 7D, EV 76.9 MPH)
|
| Bottom of the 3rd over - 2 runs, 2 hits, 0 errors, 3 left on base; Toledo 3 - Buffalo 7 |
| TOP OF THE 4TH |
|
Toledo Mud Hens batting - Pitching for Buffalo Bisons : RHP Justin Sedivy
|
|
Batting: RHB Zach Koblinski
|
0-0: Ball 1-0: SINGLE (Line Drive, 4M, EV 97.5 MPH)
|
|
Batting: RHB Paul Wood
|
0-0: Ball 1-0: Ball 2-0: Called Strike 2-1: Ball 3-1: Base on Balls Zach Koblinski to second
|
|
Batting: RHB Casey Knutson
|
0-0: SINGLE (Groundball, 6MD, EV 101.3 MPH) Zach Koblinski to third Paul Wood to second Runner from 3rd tries for Home, SAFE, throw by CF to home
|
|
Batting: RHB Brady Jeleniewski
|
0-0: Called Strike 0-1: Swinging Strike 0-2: Ball 1-2: Grounds into double play, 4-6-3 (Groundball, 4, EV 83.1 MPH) Paul Wood to third
|
|
Batting: LHB Jamel Alexander
|
0-0: Called Strike 0-1: Foul Ball, location: 2F 0-2: Ball 1-2: Ball 2-2: Foul Ball, location: 2F 2-2: Ball 3-2: Foul Ball, location: 2F 3-2: Base on Balls
|
|
Batting: SHB Jamie Roberts
|
0-0: Ball 1-0: Ball 2-0: Ball 3-0: Called Strike 3-1: Foul Ball, location: 2F 3-2: SINGLE (Groundball, 34D, EV 111.3 MPH) Paul Wood scores Jamel Alexander to second Jamel Alexander to third
|
|
Pitching: LHP Josh Black
|
|
|
Batting: SHB Jared Boyce
|
0-0: Ball 1-0: Called Strike 1-1: Called Strike 1-2: SINGLE (Groundball, 56D, EV 102.5 MPH) Jamel Alexander scores Jamie Roberts to second
|
|
Batting: RHB Tim Borden
|
0-0: Foul Ball, location: 2F 0-1: Ball 1-1: Called Strike 1-2: Ball 2-2: Strikes out looking
|
| Top of the 4th over - 3 runs, 4 hits, 0 errors, 2 left on base; Toledo 6 - Buffalo 7 |
| BOTTOM OF THE 4TH |
|
Buffalo Bisons batting - Pitching for Toledo Mud Hens : RHP Isma'il bin Burhan
|
|
Batting: RHB Alex Ramos
|
0-0: Called Strike 0-1: Foul Ball, location: 2F 0-2: Foul Ball, location: 2F 0-2: SINGLE (Groundball, 5L, EV 106.3 MPH)
|
|
Batting: LHB Josh Stuck
|
0-0: Ball 1-0: Called Strike 1-1: Ball 2-1: Ball 3-1: Fielders Choice at 2nd, 5-4 (Groundball, 56S, EV 88.1 MPH)
|
|
Batting: RHB Fraco Munoz
|
0-0: Ball 1-0: Ball Josh Stuck steals 2nd base 2-0: Called Strike 2-1: Called Strike 2-2: Ground out 4-3 (Groundball, 4, EV 90.0 MPH) Josh Stuck to third
|
|
Batting: LHB Michael Byrd
|
0-0: Ball 1-0: Called Strike 1-1: Swinging Strike 1-2: Strikes out looking
|
| Bottom of the 4th over - 0 runs, 1 hit, 0 errors, 1 left on base; Toledo 6 - Buffalo 7 |
| TOP OF THE 5TH |
|
Toledo Mud Hens batting - Pitching for Buffalo Bisons : LHP Josh Black
|
|
Batting: SHB Raul Morales
|
0-0: Called Strike 0-1: Ball 1-1: Ball 2-1: Ball 3-1: Base on Balls
|
|
Batting: RHB Zach Koblinski
|
0-0: Called Strike 0-1: Ball 1-1: Ball 2-1: Ground out 5-3 (Groundball, 56, EV 90.0 MPH) Raul Morales to second
|
|
Batting: RHB Paul Wood
|
0-0: SINGLE (Groundball, 4MD, EV 93.8 MPH) Raul Morales to third
|
|
Batting: RHB Casey Knutson
|
0-0: Ball 1-0: Foul Ball, location: 2F 1-1: Ball 2-1: Foul Ball, location: 2F 2-2: Strikes out looking
|
|
Batting: RHB Brady Jeleniewski
|
0-0: Ball 1-0: Foul Ball, location: 2F 1-1: Fly out, F4 (Line Drive, 4, EV 68.8 MPH)
|
| Top of the 5th over - 0 runs, 1 hit, 0 errors, 2 left on base; Toledo 6 - Buffalo 7 |
| BOTTOM OF THE 5TH |
|
Buffalo Bisons batting - Pitching for Toledo Mud Hens : RHP Isma'il bin Burhan
|
|
Batting: RHB Tony Rosas
|
0-0: Called Strike 0-1: Ball 1-1: Ball 2-1: SINGLE (Groundball, 6S, EV 71.3 MPH) (infield hit)
|
|
Batting: RHB John Loving
|
0-0: Ball 1-0: Ball 2-0: Ball 3-0: Foul Ball, location: 2F 3-1: Base on Balls Tony Rosas to second
|
|
Batting: SHB Phuck
|
0-0: Called Strike 0-1: Ball 1-1: Ball 2-1: Foul Ball, location: 2F 2-2: Ball 3-2: Foul Ball, location: 2F 3-2: Strikes out looking
|
|
Pitching: RHP Will Lane
|
|
|
Batting: RHB Jon Aguilar
|
0-0: Ball 1-0: Ground out 5-3 (Groundball, P, EV 81.9 MPH) Tony Rosas to third John Loving to second
|
|
Batting: RHB Ryan Kinkead
|
0-0: Called Strike 0-1: Ball 1-1: Ball 2-1: Swinging Strike 2-2: Ball 3-2: SINGLE (Groundball, 34S, EV 73.8 MPH) (infield hit) Tony Rosas scores John Loving to third
|
|
Batting: RHB Alex Ramos
|
0-0: Ball 1-0: Foul Ball, location: 2F 1-1: Called Strike 1-2: Ball 2-2: Ball 3-2: 3-RUN HOME RUN (Flyball, 7D, EV 97.5 MPH), Distance : 367 ft
|
|
Batting: LHB Josh Stuck
|
0-0: Ball 1-0: Foul Ball, location: 2F 1-1: Ball 2-1: Called Strike 2-2: Ball 3-2: Base on Balls
|
|
Batting: RHB Fraco Munoz
|
0-0: Called Strike 0-1: Ball 1-1: Called Strike 1-2: Ball 2-2: Ball 3-2: DOUBLE (Flyball, 3D, EV 100.0 MPH) Josh Stuck to third Josh Stuck scores
|
|
Pitching: RHP Ken Howington
|
|
|
Batting: LHB Michael Byrd
|
0-0: Swinging Strike 0-1: Called Strike 0-2: Ball 1-2: Strikes out swinging
|
| Bottom of the 5th over - 5 runs, 4 hits, 0 errors, 1 left on base; Toledo 6 - Buffalo 12 |
| TOP OF THE 6TH |
|
Toledo Mud Hens batting - Pitching for Buffalo Bisons : LHP Josh Black
|
|
Batting: LHB Jamel Alexander
|
0-0: Ball 1-0: Foul Ball, location: 2F 1-1: Ball 2-1: Foul Ball, location: 2F 2-2: SINGLE (Groundball, 6MD, EV 81.3 MPH) (infield hit)
|
|
Pitching: RHP Gilberto Dominguez
|
|
|
Batting: SHB Jamie Roberts
|
0-0: Ball Jamel Alexander steals 2nd, throwing error, E2 Jamel Alexander to third 1-0: Called Strike 1-1: SINGLE (Groundball, 34D, EV 100.0 MPH) Jamel Alexander scores
|
|
Batting: SHB Jared Boyce
|
0-0: Ball 1-0: Foul Ball, location: 2F 1-1: Swinging Strike 1-2: Strikes out swinging
|
|
Batting: RHB Tim Borden
|
0-0: Ball Jamie Roberts steals 2nd base 1-0: Called Strike 1-1: Ball 2-1: Ball 3-1: Swinging Strike 3-2: Base on Balls
|
|
Batting: SHB Raul Morales
|
0-0: Fielders Choice at 2nd, 3-6 (Groundball, 3S, EV 81.9 MPH) Jamie Roberts to third
|
|
Batting: RHB Zach Koblinski
|
0-0: Ball 1-0: Ball 2-0: Ball 3-0: Base on Balls Raul Morales to second
|
|
Batting: RHB Paul Wood
|
0-0: Ball 1-0: Called Strike 1-1: Foul Ball, location: 2F 1-2: Strikes out swinging
|
| Top of the 6th over - 1 run, 2 hits, 1 error, 3 left on base; Toledo 7 - Buffalo 12 |
| BOTTOM OF THE 6TH |
|
Buffalo Bisons batting - Pitching for Toledo Mud Hens : RHP Ken Howington
|
|
Batting: RHB Tony Rosas
|
0-0: Fly out, F8 (Flyball, 8RD, EV 100.6 MPH)
|
|
Batting: RHB John Loving
|
0-0: Ball 1-0: Ball 2-0: Foul Ball, location: 2F 2-1: Foul Ball, location: 2F 2-2: Ball 3-2: Foul Ball, location: 2F 3-2: Base on Balls
|
|
Batting: SHB Phuck
|
0-0: Ball 1-0: Ball 2-0: Called Strike 2-1: Foul Ball, location: 2F 2-2: Ball 3-2: Fly out, F9 (Flyball, 89M, EV 90.0 MPH)
|
|
Batting: RHB Jon Aguilar
|
0-0: Called Strike Pickoff Throw to First - Out! 1-3
|
| Bottom of the 6th over - 0 runs, 0 hits, 0 errors, 0 left on base; Toledo 7 - Buffalo 12 |
| TOP OF THE 7TH |
|
Toledo Mud Hens batting - Pitching for Buffalo Bisons : RHP Gilberto Dominguez
|
|
Batting: RHB Casey Knutson
|
0-0: Fly out, F8 (Flyball, 8LD, EV 83.1 MPH)
|
|
Batting: RHB Brady Jeleniewski
|
0-0: Called Strike 0-1: Swinging Strike 0-2: Ball 1-2: Strikes out swinging
|
|
Batting: LHB Jamel Alexander
|
0-0: Called Strike 0-1: Ball 1-1: Ball 2-1: Ground out 4-3 (Groundball, 4, EV 101.3 MPH)
|
| Top of the 7th over - 0 runs, 0 hits, 0 errors, 0 left on base; Toledo 7 - Buffalo 12 |
| BOTTOM OF THE 7TH |
|
Buffalo Bisons batting - Pitching for Toledo Mud Hens : RHP Ken Howington
|
|
Batting: RHB Jon Aguilar
|
0-0: Called Strike 0-1: Foul Ball, location: 2F 0-2: Ball 1-2: Ball 2-2: Ground out U3 (Groundball, 3S, EV 68.1 MPH)
|
|
Batting: RHB Ryan Kinkead
|
0-0: Ball 1-0: Foul Ball, location: 2F 1-1: Fly out, F8 (Flyball, 8LD, EV 105.0 MPH)
|
|
Batting: RHB Alex Ramos
|
0-0: Ball 1-0: Called Strike 1-1: Fly out, F8 (Flyball, 8LS, EV 92.5 MPH)
|
| Bottom of the 7th over - 0 runs, 0 hits, 0 errors, 0 left on base; Toledo 7 - Buffalo 12 |
| TOP OF THE 8TH |
|
Toledo Mud Hens batting - Pitching for Buffalo Bisons : RHP Gilberto Dominguez
|
|
Pitching: RHP Jaime Salazar
|
|
|
Batting: SHB Jamie Roberts
|
0-0: Called Strike 0-1: Swinging Strike 0-2: Ball 1-2: Strikes out swinging
|
|
Batting: SHB Jared Boyce
|
0-0: Ball 1-0: Called Strike 1-1: Foul Ball, location: 2F 1-2: Foul Ball, location: 2F 1-2: Strikes out looking
|
|
Batting: RHB Tim Borden
|
0-0: Fly out, F8 (Flyball, 89M, EV 88.1 MPH)
|
| Top of the 8th over - 0 runs, 0 hits, 0 errors, 0 left on base; Toledo 7 - Buffalo 12 |
| BOTTOM OF THE 8TH |
|
Buffalo Bisons batting - Pitching for Toledo Mud Hens : RHP Ken Howington
|
|
Batting: LHB Josh Stuck
|
0-0: Called Strike 0-1: Swinging Strike 0-2: Foul Ball, location: 2F 0-2: Ball 1-2: Foul Ball, location: 2F 1-2: Ball 2-2: Ball 3-2: Foul Ball, location: 2F 3-2: Foul Ball, location: 2F 3-2: Base on Balls
|
|
Batting: RHB Fraco Munoz
|
0-0: Called Strike 0-1: SINGLE (Line Drive, 8RS, EV 102.5 MPH) Josh Stuck to second
|
|
Batting: LHB Michael Byrd
|
0-0: Ball 1-0: Ball Josh Stuck steals 3rd base (no throw) Fraco Munoz to second 2-0: Ball 3-0: Base on Balls
|
|
Batting: RHB Tony Rosas
|
0-0: Swinging Strike 0-1: Ball 1-1: DOUBLE (Line Drive, 78D, EV 103.8 MPH) Josh Stuck scores Fraco Munoz scores Michael Byrd to third
|
|
Batting: RHB John Loving
|
0-0: Ball 1-0: Fly out, F8 (Flyball, 8RXD, EV 100.6 MPH) Runner from 3rd tags up, SCORES, no throw by CF Tony Rosas to third
|
|
Batting: SHB Phuck
|
0-0: Called Strike 0-1: Ball 1-1: Ball 2-1: Foul Ball, location: 2F 2-2: Foul Ball, location: 2F 2-2: Ball 3-2: Fly out, F8 (Flyball, 8RS, EV 88.1 MPH)
|
|
Batting: RHB Jon Aguilar
|
0-0: Ball 1-0: Ground out 6-3 (Groundball, 6, EV 108.1 MPH)
|
| Bottom of the 8th over - 3 runs, 2 hits, 0 errors, 1 left on base; Toledo 7 - Buffalo 15 |
| TOP OF THE 9TH |
|
Toledo Mud Hens batting - Pitching for Buffalo Bisons : RHP Jaime Salazar
|
|
Batting: SHB Raul Morales
|
0-0: Ball 1-0: Ground out 4-3 (Groundball, 4MS, EV 74.4 MPH)
|
|
Pinch Hitting: RHB Miguel Nunez
|
0-0: Ground out 6-3 (Groundball, 56, EV 102.5 MPH)
|
|
Batting: RHB Paul Wood
|
0-0: Ball 1-0: Called Strike 1-1: Ball 2-1: Called Strike 2-2: Strikes out looking
|
| Top of the 9th over - 0 runs, 0 hits, 0 errors, 0 left on base; Toledo 7 - Buffalo 15 |
|